 Dungeon Crawl Stone Soup version 0.30-a0-125-g51eefa89be (webtiles) character file.

Game seed: 13139260449472058525

5 GandalfHyperdrive the Digger (level 1, 0/10 HPs)
             Began as a Gargoyle Earth Elementalist on Sept 18, 2022.
             Slain by Terence
             ... wielding a +0 falchion
              (3 damage)
             ... on level 2 of the Dungeon.
             The game lasted 00:02:16 (271 turns).

GandalfHyperdrive the Digger (GrEE)                  Turns: 271, Time: 00:02:17

Health: 0/10       AC:  4    Str: 11    XL:     1   Next: 80%
Magic:  1/3        EV: 11    Int: 15    God:
Gold:   28         SH:  0    Dex: 10    Spells: 3/4 levels left

rFire   . . .      SeeInvis .    d - +0 short sword
rCold   . . .      Faith    .    (no shield)
rNeg    + . .      Spirit   .    a - +0 robe
rPois   ∞          Reflect  .    (no helmet)
rElec   +          Harm     .    (no cloak)
rCorr   .          Rampage  .    (no gloves)
Will    .....                    (no boots)
Stlth   ++........               (no amulet)
HPRegen 0.03/turn                (no ring)
MPRegen 0.08/turn                (no ring)

@: no status effects
A: sickness immunity, AC +2, negative energy resistance 1, electricity
resistance, torment resistance 1, petrification resistance
a: no special abilities


You were on level 2 of the Dungeon.
You visited 1 branch of the dungeon, and saw 2 of its levels.

You collected 28 gold pieces.

Inventory:

Hand Weapons
 d - a +0 short sword (weapon)
Missiles
 c - 38 stones
Armour
 a - a +0 robe (worn)
Scrolls
 e - a scroll of blinking {unknown}


   Skills:
 - Level 1.5 Dodging
 - Level 2.1 Stealth
 + Level 2.2 Spellcasting
 - Level 0.7 Transmutations
 + Level 3.9 Earth Magic


You had 3 spell levels left.
You knew the following spells:

 Your Spells              Type           Power      Damage    Failure   Level
a - Sandblast             Erth           26%        2d8       4%          1

Your spell library contained the following spells:

 Spells                   Type           Power      Damage    Failure   Level
 Passwall                 Tmut/Erth      6%         N/A       13%         2
 Stone Arrow              Conj/Erth      14%        3d7       28%         3
 Petrify                  Tmut/Erth      8%         N/A       63%         4


Dungeon Overview and Level Annotations

Branches:
Dungeon (1/15)

Altars:

Annotations:
D:2 Terence


Innate Abilities, Weirdness & Mutations

You are immune to sickness and miasma.
Your stone body is resilient. (AC +2)
You are immune to poison.
You resist negative energy. (rN+)
You are resistant to electric shocks. (rElec)
You are resistant to unholy torment.
You are immune to petrification.


Message History

The blast of sand hits Terence but does no damage.
Magic courses through your body. Terence hits you with a +0 falchion.
Casting: Sandblast (safe; 4% risk of failure)
Confirm with . or Enter, or press ? or * to list all spells.
Aiming: Sandblast (safe; 4% risk of failure)
Press: ? - help, Shift-Dir - straight line, f/p - Terence
Aim: Terence, wielding a +0 falchion and wearing a +0 chain mail (87% to hit)
The blast of sand hits Terence but does no damage.
Terence hits you with a +0 falchion.
Casting: Sandblast (safe; 4% risk of failure)
Confirm with . or Enter, or press ? or * to list all spells.
Aiming: Sandblast (safe; 4% risk of failure)
Press: ? - help, Shift-Dir - straight line, f/p - Terence
Aim: Terence, wielding a +0 falchion and wearing a +0 chain mail (87% to hit)
The blast of sand hits Terence but does no damage.
Terence hits you but does no damage. Terence closely misses you.
Casting: Sandblast (safe; 4% risk of failure)
Confirm with . or Enter, or press ? or * to list all spells.
Aiming: Sandblast (safe; 4% risk of failure)
Press: ? - help, Shift-Dir - straight line, f/p - Terence
Aim: Terence, wielding a +0 falchion and wearing a +0 chain mail (87% to hit)
The blast of sand misses Terence.
Terence hits you with a +0 falchion.
* * * LOW HITPOINT WARNING * * *
Unknown command.
Terence attacks as you move away! Terence completely misses you.
Casting: Sandblast (safe; 4% risk of failure)
Confirm with . or Enter, or press ? or * to list all spells.
You don't have enough magic to cast this spell.
Unknown command.
Casting: Sandblast (safe; 4% risk of failure)
Confirm with . or Enter, or press ? or * to list all spells.
You don't have enough magic to cast this spell.
Unknown command.
You see here a hobgoblin corpse.
Terence attacks as you move away! Terence closely misses you.
You hit Terence but do no damage. Terence hits you but does no damage.
Terence attacks as you move away! Terence closely misses you.
You hit Terence but do no damage. Terence misses you.
You completely miss Terence. Terence hits you with a +0 falchion.
You die...

###### #.+..##
.....# ....#
... #.# #@#
########### #@#
#.........###.#
#.#...........#
#.#.#....†#####
#.##@#.#.....#
.....#.......#
...#...#.....#
.....#.#.....#


You could see Terence.

Vanquished Creatures
  A hobgoblin (D:2)
  A kobold (D:1)
  A quokka (D:1)
  A bat (D:1)
  A frilled lizard (D:1)
5 creatures vanquished.

Notes
Turn   | Place    | Note
-------+----------+-------------------------------------------
     0 | D:1      | GandalfHyperdrive the Gargoyle Earth Elementalist began the
                  | quest for the Orb.
     0 | D:1      | Reached XP level 1. HP: 10/10 MP: 3/3
   223 | D:1      | You fall into a shaft and drop 1 floor!
   243 | D:2      | Noticed Terence
   271 | D:2      | Slain by Terence

Illustrated notes

Levels and vault maps discovered:
D:1:      minmay_arrival_shattered_statue, layout_rooms,
          chequers_ecumenical_altar_grove, serial_shops, shop_coins
D:2:      layout_rooms, uniq_crazy_yiuf_cottage, uniq_terence

Action                   || total
-------------------------++-------
Melee: Short sword       ||     3
 Cast: Sandblast         ||    12
  Use: Potion            ||     1
Armor: Robe              ||     2
Dodge: Dodged            ||     9

Table legend: (Time is in decaauts)
 A = Elapsed time spent in this place.
 B = Non-inter-level travel time spent in this place.
 C = Inter-level travel time spent in this place.
 D = Time resting spent in this place.
 E = Time spent auto-exploring this place.
 F = Levels seen in this place.
 G = Mean time per level.
                   A        B        C        D        E       F      G
               +--------+--------+--------+--------+--------+-----+--------+
         Total |    276 |    276 |      0 |     33 |     66 |   2 |  138.0 |
       Dungeon |    276 |    276 |      0 |     33 |     66 |   2 |  138.0 |
               +--------+--------+--------+--------+--------+-----+--------+

Top non-repeatable levels by time:
     D:1: 225 daAuts
     D:2: 51 daAuts
